 Dungeon Crawl Stone Soup version 0.23-a0-550-g7de1f8e (webtiles) character file.

366 GroovyGamera the Skirmisher (level 6, -7/39 HPs)
             Began as a Gargoyle Fighter on Dec 8, 2018.
             Mangled by an ogre
             ... wielding a +0 giant club
              (21 damage)
             ... on level 4 of the Dungeon.
             The game lasted 00:05:44 (2564 turns).

GroovyGamera the Skirmisher (Gargoyle Fighter)      Turns: 2564, Time: 00:05:45

Health: -7/39      AC: 14    Str: 20    XL:     6   Next: 68%
Magic:  6/6        EV:  7    Int: 10    God:
Gold:   123        SH:  9    Dex:  9    Spells: 5/5 levels left

rFire    . . .     SeeInvis .   a - +0 war axe
rCold    . . .     Gourm    .   c - +0 shield
rNeg     + . .     Faith    .   b - +0 scale mail
rPois    ∞         Spirit   .   (no helmet)
rElec    +         Reflect  .   l - +0 cloak
rCorr    +         Harm     .   (no gloves)
MR       .....                  x - +0 pair of boots
Stlth    ..........             (no amulet)
HPRegen  0.13/turn              n - ring of resist corrosion
MPRegen  0.10/turn              (no ring)

@: no status effects
A: negative energy resistance 1, electricity resistance, unbreathing,
petrification resistance, rot immunity, AC +4
a: no special abilities


You were on level 4 of the Dungeon.
You were very hungry.

You visited 1 branch of the dungeon, and saw 4 of its levels.

You collected 123 gold pieces.

Inventory:

Hand Weapons
 a - a +0 war axe (weapon)
Missiles
 j - 19 bolts
 v - 3 tomahawks (quivered)
Armour
 b - a +0 scale mail (worn)
 c - a +0 shield (worn)
 l - a +0 cloak (worn)
 x - a +0 pair of boots (worn)
Jewellery
 n - a ring of resist corrosion (left hand)
Wands
 u - a wand of iceblast (9)
Scrolls
 e - 2 scrolls of teleportation
 h - a scroll of blinking {unknown}
 m - a scroll of random uselessness {unknown}
 q - a scroll of fog {unknown}
 r - a scroll of noise {unknown}
 w - a scroll of amnesia {unknown}
Potions
 k - a potion of heal wounds
 o - a potion of cancellation {unknown}
 p - a potion of degeneration {unknown}
 s - a potion of agility {unknown}
 t - a potion of brilliance {unknown}
Comestibles
 f - 11 rations


   Skills:
 + Level 4.7 Fighting
 * Level 4.4 Axes
 + Level 4.7 Armour
 - Level 4.0 Shields


You had 5 spell levels left.
You didn't know any spells.
Your spell library was empty.

Dungeon Overview and Level Annotations

Branches:
Dungeon (4/15)
 Temple: D:4-7

Altars:
Trog


Innate Abilities, Weirdness & Mutations

You are resistant to torment.
Your stone body is resilient. (AC +4)
You are immune to poison.
You resist negative energy. (rN+)
You are resistant to electric shocks. (rElec)
You can survive without breathing.
You are immune to petrification.
You are immune to rotting.


Message History

Found 7 gold pieces.
The ogre hits you with a +0 giant club.
Your shield prevents you from hitting the ogre.
You block the ogre's attack.
You slash the ogre!
The ogre is heavily wounded.
The ogre hits you with a +0 giant club!
You hit the ogre but do no damage.
The ogre is heavily wounded.
The ogre hits you with a +0 giant club.
You hit the ogre.
The ogre is severely wounded.
The ogre hits you with a +0 giant club!
You are too injured to fight recklessly!
You are too injured to fight recklessly!
You barely miss the ogre.
The ogre is severely wounded.
The ogre hits you with a +0 giant club!!
Ouch! That really hurt!
You die...

#.####.#####
####.#........#
..........###.#
##########.#....# #.#
#............#.####.# #
#.....####.#.#.#....#
#..#..<#.#....#.#.#.####
#........##.###.#.#.# #
#..O@........#.#.# #
#...........###.#.####
#...............#.......
#$#.................####
# #############.####...#
...............#
###############.####.#.#
#....................#.#
#.#############.########


You could see an ogre.

Vanquished Creatures
  A hippogriff (D:3)
  8 adders
  4 worms
  3 dart slugs
  2 leopard geckos (D:1)
  5 orcs (D:3)
  3 giant cockroaches
  8 hobgoblins
  4 jackals (D:3)
  10 kobolds
  A quokka (D:2)
  2 ball pythons
  9 bats
  4 frilled lizards
  10 goblins
  21 rats
95 creatures vanquished.

Notes
Turn   | Place    | Note
-------+----------+-------------------------------------------
     0 | D:1      | GroovyGamera the Gargoyle Fighter began the quest for the
                  | Orb.
     0 | D:1      | Reached XP level 1. HP: 14/14 MP: 1/1
   115 | D:1      | Reached XP level 2. HP: 19/19 MP: 2/2
   540 | D:1      | Reached XP level 3. HP: 23/23 MP: 3/3
   985 | D:2      | Reached XP level 4. HP: 26/29 MP: 4/4
  1627 | D:3      | Found a bloodstained altar of Trog.
  1644 | D:3      | Reached XP level 5. HP: 29/33 MP: 5/5
  2092 | D:3      | Noticed a hippogriff
  2100 | D:3      | Killed a hippogriff
  2100 | D:3      | Reached XP level 6. HP: 19/39 MP: 6/6
  2564 | D:4      | Mangled by an ogre

Vault maps used:
D:1:      dpeg_arrival_renting, minmay_misc_feat_tower
D:2:      first_ration, minmay_rat_hole
D:3:      bloody_trog

Skill      XL: |  1  2  3  4  5 |
---------------+----------------+-----
Axes           | 2 3 4 |  4.4
Shields        | 4 |  4.0
Fighting       | 4 |  4.7
Armour         | 4 |  4.7

Action                   |  1- 3 |  4- 6 || total
-------------------------+-------+-------++-------
Melee: War axe           |   111 |   195 ||   306
  Use: Potion            |       |     1 ||     1
       Scroll            |       |     3 ||     3
  Eat: Chunk             |       |     5 ||     5
Armor: Scale mail        |    52 |   114 ||   166
Dodge: Dodged            |    37 |    64 ||   101
Block: Shield            |    65 |   122 ||   187

Table legend:
 A = Non-vault XP
 B = Vault XP
 C = Vault XP percentage of total XP
 D = Non-vault monster count
 E = Vault monster count
 F = Vault count percentage of total count
                 A         B        C        D         E       F
            +---------+---------+-------+---------+---------+-------
      Total |     504 |      20 |   3.8 |      76 |      19 |  20.0
            +---------+---------+-------+---------+---------+-------
        D:1 |      41 |       0 |   0.0 |      22 |       0 |   0.0
        D:2 |      84 |      20 |  19.2 |      24 |      19 |  44.2
        D:3 |     365 |       0 |   0.0 |      28 |       0 |   0.0
        D:4 |      14 |       0 |   0.0 |       2 |       0 |   0.0
            +---------+---------+-------+---------+---------+-------
